 Dungeon Sprint DCSS version 0.29-a0-512-gf59ac788ac (webtiles) character file.

Game seed: 14609094975432318450

121 mhtbhm the Ruffian (level 4, -7/42 HPs)
             Began as a Draconian Transmuter on May 29, 2022.
             Was an Initiate of Gozag.
             Mangled by a two-headed ogre
             ... wielding a +0 giant club
              (36 damage)
             ... in the Dungeon (Sprint IX: "|||||||||||||||||||||||||||||").
             The game lasted 00:00:57 (680 turns).

mhtbhm the Ruffian (Draconian Transmuter)            Turns: 680, Time: 00:00:57

Health: -7/42      AC:  7    Str: 13    XL:     4   Next: 77%
Magic:  4/10       EV: 13    Int: 15    God:    Gozag
Gold:   0          SH:  0    Dex: 11    Spells: 1/11 levels left

rFire   x . .      SeeInvis .     - Unarmed
rCold   + + +      Faith    .   (shield currently unavailable)
rNeg    . . .      Spirit   .   (body armour unavailable)
rPois   +          Reflect  .   (helmet currently unavailable)
rElec   .          Harm     .   (cloak currently unavailable)
rCorr   .          Rampage  .   (gloves currently unavailable)
Will    .....      NoTele   +   (boots currently unavailable)
Stlth   +.........              (no amulet)
HPRegen 0.14/turn               j - +2 ring of evasion
MPRegen 0.12/turn               k - +2 ring of protection

@: ice-form, wereblooded
A: freezing attack, amphibious, boosted hp, AC +5, large, unfitting armour,
(cold-blooded)
a: End Transformation, Renounce Religion, Potion Petition, Call Merchant, Bribe
Branch


You were in the Dungeon.
You worshipped Gozag.
Gozag was noncommittal.
You were a creature of crystalline ice.
You visited 1 branch

Inventory:

Armour
 l - a +0 pair of boots (melded)
Jewellery
 j - a +2 ring of evasion (left front paw)
 k - a +2 ring of protection (right front paw)
Wands
 i - a wand of iceblast (10)
Scrolls
 g - 2 scrolls of blinking
 h - 2 scrolls of amnesia
Potions
 a - a potion of lignification
 b - 5 potions of curing
 c - a potion of invisibility
 d - a potion of haste
 e - 4 potions of magic
 f - 2 potions of heal wounds


   Skills:
 + Level 1.2 Fighting
 + Level 4.2 Dodging
 + Level 7.2 Unarmed Combat
 + Level 4.2 Spellcasting
 + Level 3.7 Transmutations


You had one spell level left.
You knew the following spells:

 Your Spells              Type           Power      Damage    Failure   Level
a - Beastly Appendage     Tmut           28%        N/A       3%          1
b - Wereblood             Tmut           14%        N/A       6%          2
c - Spider Form           Tmut/Pois      8%         N/A       24%         3
d - Ice Form              Ice/Tmut       8%         N/A       63%         4

Your spell library contained the following spells:

 Spells                   Type           Power      Damage    Failure   Level


Dungeon Overview and Level Annotations

Branches:
Dungeon (1/1)

Altars:
Cheibriados
Dithmenos
Elyvilon
Fedhas
Gozag
Hepliaklqana
Kikubaaqudgha
Makhleb
Nemelex Xobeh
Okawaru
Qazlal
Ru
Sif Muna
Trog
Uskayaw
Vehumet
Wu Jian
Xom
Yredelemnul
Zin
The Shining One
Beogh
Jiyva
Lugonu


Innate Abilities, Weirdness & Mutations

You are a creature of crystalline ice.
You have a powerful freezing melee attack.
You are amphibious.
Your maximum health is increased.
Your armour is entirely melded.
You are incapable of wielding weapons or throwing items.
((Your plain brown scales are hard. (AC +5)))
You cannot fit into any form of body armour.
((You are cold-blooded and may be slowed by cold attacks.))


Message History

Your magical contamination has completely faded away.
You start resting.
Magic restored.
Casting: Ice Form (potentially lethal; 63% risk of failure)
Confirm with . or Enter, or press ? or * to list all spells.
The spell is potentially lethal to miscast (63% risk of failure)!
Continue anyway?
You miscast Ice Form.
You are very lightly contaminated with residual magic.
You feel a strange surge of energy.
Unknown command.
You start resting.
Your magical contamination has completely faded away.
You start resting.
Magic restored.
Casting: Ice Form (potentially lethal; 63% risk of failure)
Confirm with . or Enter, or press ? or * to list all spells.
The spell is potentially lethal to miscast (63% risk of failure)!
Continue anyway?
You turn into a creature of crystalline ice.
Your +0 pair of boots melds into your body.
Unknown command.
Casting: Ice Form (extremely dangerous; 63% risk of failure)
Confirm with . or Enter, or press ? or * to list all spells.
Your blood is infused with primal strength.
Unknown command.
You open the door.
An orc priest, a wraith, a centaur, a vampire and 2 two-headed ogres come into view.
The two-headed ogre shouts in stereo!
The centaur shouts!
Unknown command.
Unknown command.
The two-headed ogre shouts in stereo!
The two-headed ogre closely misses you.
The two-headed ogre hits you with a +0 giant club!
There is an open door to the Dungeon here.
Unknown command.
You punch the two-headed ogre! You freeze the two-headed ogre.
The two-headed ogre is lightly wounded.
The two-headed ogre hits you with a +0 giant club!!!
Ouch! That really hurt!
You die...
Your body crumbles into a pile of gold.

▓+▓
▓o▓
$
▓W▓
$
▓c▓
$ $
▓O▓
$
▓V▓
$
▓O▓
$
▓Y▓
$
▓.▓
$
▓.▓
$
▓[▓
▓.▓
$
▓[▓
▓.▓
$
▓)▓
$
▓.▓
$


You could see 2 two-headed ogres, a vampire, a wraith, a centaur and an orc
priest.

Vanquished Creatures
  An ogre (D)
  An iguana (D)
  A worm (D)
  An orc (D)
  A bat (D)
  2 goblins (D)
  A hobgoblin (D)
  A quokka (D)
  A frilled lizard (D)
10 creatures vanquished.

Notes
Turn   | Place    | Note
-------+----------+-------------------------------------------
     0 | D        | mhtbhm the Draconian Transmuter began the quest for the
                  | Orb.
     0 | D        | Reached XP level 1. HP: 16/16 MP: 3/3
     3 | D        | Banished a spatial maelstrom
    22 | D        | Noticed an ogre
    22 | D        | Noticed an iguana
    31 | D        | Reached skill level 4 in Unarmed Combat
    31 | D        | Reached XP level 2. HP: 15/23 MP: 2/5
    40 | D        | Reached skill level 5 in Unarmed Combat
    40 | D        | Reached XP level 3. HP: 15/28 MP: 2/7
    43 | D        | Killed an ogre
    44 | D        | Reached skill level 7 in Unarmed Combat
    44 | D        | Reached XP level 4. HP: 19/35 MP: 2/10
   234 | D        | Learned a level 2 spell: Wereblood
   238 | D        | Learned a level 3 spell: Spider Form
   243 | D        | Learned a level 4 spell: Ice Form
   247 | D        | Found a snail-covered altar of Cheibriados.
   247 | D        | Found a shadowy altar of Dithmenos.
   247 | D        | Found a white marble altar of Elyvilon.
   247 | D        | Found a blossoming altar of Fedhas.
   247 | D        | Found an opulent altar of Gozag.
   248 | D        | Found a hazy altar of Hepliaklqana.
   249 | D        | Found a viscous altar of Jiyva.
   250 | D        | Found an ancient bone altar of Kikubaaqudgha.
   251 | D        | Found a corrupted altar of Lugonu.
   252 | D        | Found a burning altar of Makhleb.
   253 | D        | Found a sparkling altar of Nemelex Xobeh.
   254 | D        | Found an iron altar of Okawaru.
   255 | D        | Became a worshipper of Gozag Ym Sagoz the Greedy
   256 | D        | Found a stormy altar of Qazlal.
   257 | D        | Found a sacrificial altar of Ru.
   258 | D        | Found a shimmering blue altar of Sif Muna.
   259 | D        | Found a bloodstained altar of Trog.
   260 | D        | Found a hide-covered altar of Uskayaw.
   261 | D        | Found a radiant altar of Vehumet.
   262 | D        | Found an ornate altar of the Wu Jian Council.
   263 | D        | Found a shimmering altar of Xom.
   264 | D        | Found a basalt altar of Yredelemnul.
   265 | D        | Found a glowing silver altar of Zin.
   266 | D        | Found a glowing golden altar of the Shining One.
   274 | D        | Found the +7 great mace "Undeadhunter" {disrupt, rN+}
   678 | D        | Noticed a wraith
   678 | D        | Noticed a two-headed ogre
   678 | D        | Noticed a centaur
   678 | D        | Noticed a vampire
   678 | D        | Noticed a two-headed ogre
   680 | D        | Mangled by a two-headed ogre

Illustrated notes

Levels and vault maps discovered:
D:        linesprint [early_d, line_temple, items_1, d_10, items_2, lair_1,
          lair_end, items_3, orc_1, orc_end, items_4, d_15, swamp_1, shoals_1,
          snake_1, spider_1, d_20, vaults_1, items_5, swamp_end, shoals_end,
          snake_end, spider_end, vaults_end, d_27, items_6, zot_1, zot_end,
          crypt_end, forest_end, elf_end, slime_end, tomb_end, abyss_end,
          pan_hell_end]

Skill      XL: |  1  2  3 |
---------------+----------+-----
Dodging        | 2 3 4 |  4.2
Unarmed Combat | 4 5 7 |  7.2
Spellcasting   | 3 4 |  4.2
Transmutations | 3 |  3.7
Fighting       | |  1.2

Action                   |  1- 3 |  4- 6 || total
-------------------------+-------+-------++-------
Melee: Unarmed           |    24 |     1 ||    25
       Kick              |     7 |       ||     7
       Headbutt          |     4 |       ||     4
       Tailslap          |     4 |       ||     4
       Punch             |     1 |       ||     1
 Cast: Beastly Appendage |     3 |       ||     3
       Ice Form          |       |     1 ||     1
       Wereblood         |       |     1 ||     1
  Use: Potion            |     2 |       ||     2
Armor: Skin              |     2 |       ||     2
Dodge: Dodged            |    10 |     1 ||    11

Table legend: (Time is in decaauts)
 A = Elapsed time spent in this place.
 B = Non-inter-level travel time spent in this place.
 C = Inter-level travel time spent in this place.
 D = Time resting spent in this place.
 E = Time spent auto-exploring this place.
 F = Levels seen in this place.
 G = Mean time per level.
                   A        B        C        D        E       F      G
               +--------+--------+--------+--------+--------+-----+--------+
         Total |    685 |    685 |      0 |    562 |      3 |   1 |  685.0 |
       Dungeon |    685 |    685 |      0 |    562 |      3 |   1 |  685.0 |
               +--------+--------+--------+--------+--------+-----+--------+

Top non-repeatable levels by time:
       D: 685 daAuts
